 Dungeon Crawl Stone Soup version 0.29.1-2-gbd0b4ee654 (webtiles) character file.

Game seed: 16739282869374910717

1344 ElPolloHermano the Cleaver (level 8, -1/70 HPs)
             Began as a Hill Orc Berserker on Nov 11, 2022.
             Was a Believer of Trog.
             Slain by a killer bee (6 damage)
             ... on level 9 of the Dungeon.
             The game lasted 00:40:17 (5128 turns).

ElPolloHermano the Cleaver (Hill Orc Berserker)     Turns: 5128, Time: 00:40:19

Health: -1/70      AC: 12    Str: 28    XL:     8   Next: 62%
Magic:  8/8        EV: 15    Int:  7    God:    Trog [**....]
Gold:   347        SH:  0    Dex: 10    Spells: 7/7 levels left

rFire   . . .      SeeInvis .   a - +0 hand axe
rCold   + . .      Faith    .   (no shield)
rNeg    . . .      Spirit   .   n - +2 scale mail {rC+}
rPois   .          Reflect  .   F - +0 helmet
rElec   .          Harm     .   (no cloak)
rCorr   .          Rampage  .   (no gloves)
Will    ++...                   q - +0 pair of boots
Stlth   ..........              G - amulet of the acrobat
HPRegen 1.21/turn               p - +4 ring of evasion
MPRegen 0.11/turn               r - +6 ring of strength

@: strong-willed, regenerating
A: no striking features
a: Renounce Religion, Convert to Beogh, Berserk, Trog's Hand


You were on level 9 of the Dungeon.
You worshipped Trog.
Trog was pleased with you.
You visited 2 branches of the dungeon, and saw 8 of its levels.

You collected 347 gold pieces.

Inventory:

Hand Weapons
 a - a +0 hand axe (weapon)
 f - a +0 long sword
 m - a +1 mace of draining
 o - a +1 vorpal flail
 E - a +1 short sword of venom
Armour
 b - a +0 animal skin
 g - a +0 ring mail
 n - a +2 scale mail of cold resistance (worn)
 q - a +0 pair of boots (worn)
 B - the +4 ring mail of the Skies Above {rPois rF+ Int-5}
   (You found it on level 4 of the Dungeon)

   Int:       It affects your intelligence (-5).
   rF:        It protects you from fire.
   rPois:     It protects you from poison.
 F - a +0 helmet (worn)
Jewellery
 i - a ring of magical power
 k - a ring of willpower
 p - a +4 ring of evasion (left hand)
 r - a +6 ring of strength (right hand)
 w - a +4 ring of protection
 G - an amulet of the acrobat (around neck)
Wands
 A - a wand of charming (10)
 I - a wand of quicksilver (1)
 J - a wand of polymorph (4)
Scrolls
 h - 4 scrolls of teleportation {unknown}
 l - a scroll of magic mapping {unknown}
 s - 3 scrolls of amnesia {unknown}
 t - 3 scrolls of identify {unknown}
 y - 3 scrolls of enchant weapon {unknown}
 z - 2 scrolls of vulnerability {unknown}
 C - a scroll of noise {unknown}
 H - a scroll of summoning {unknown}
 K - a scroll of brand weapon {unknown}
Potions
 c - 5 potions of curing {unknown}
 d - 2 potions of berserk rage {unknown}
 e - 2 potions of lignification {unknown}
 j - a potion of resistance {unknown}
 u - a potion of invisibility {unknown}
 v - a potion of haste
 x - a potion of might {unknown}
 D - a potion of attraction {unknown}
 L - 2 potions of ambrosia {unknown}


   Skills:
 + Level 5.8 Fighting
 + Level 9.8 Axes
 + Level 0.1 Throwing
 + Level 6.2 Armour
 + Level 3.3 Dodging
 + Level 0.2 Stealth


You had 7 spell levels left.
You didn't know any spells.
Your spell library contained the following spells:

 Spells                   Type           Power      Damage    Failure   Level
 Magic Dart               Conj           0%         1d3       67%         1
 Sting                    Tmut/Pois      0%         1d3       67%         1
 Poisonous Vapours        Pois/Air       0%         N/A       82%         2
 Searing Ray              Conj           0%         2d4       82%         2
 Sublimation of Blood     Necr           0%         N/A       82%         2
 Wereblood                Tmut           0%         N/A       82%         2
 Confusing Touch          Hex            0%         N/A       96%         3
 Fulminant Prism          Conj/Hex       0%         3d6       100%        4
 Olgreb's Toxic Radiance  Pois           0%         N/A       100%        4
 Yara's Violent Unravell  Hex/Tmut       0%         3d3       100%        5
 Enfeeble                 Hex            0%         N/A       100%        7
 Summon Hydra             Summ           0%         N/A       100%        7


Dungeon Overview and Level Annotations

Branches:
Dungeon (6/15)             Temple (1/1) D:5

Altars:
Ashenzari
Cheibriados
Kikubaaqudgha
Nemelex Xobeh
Okawaru
Qazlal
Ru
Uskayaw
Vehumet
Xom
Yredelemnul
Zin
Lugonu


Message History

The killer bee stings you but does no damage.
The killer bee attacks as you move away!
The killer bee closely misses you. The killer bee completely misses you.
The killer bee closely misses you.
The killer bee attacks as you move away!
The killer bee completely misses you. The killer bee misses you.
The killer bee completely misses you.
The killer bee attacks as you move away!
The killer bee completely misses you. The killer bee closely misses you.
The killer bee attacks as you move away!
The killer bee misses you. x2
An orc wizard, an orc and a bullfrog come into view.
The orc wizard shouts!
The orc shouts!
The killer bee misses you.
The killer bee attacks as you move away!
The killer bee completely misses you. x2 2 slime creatures come into view.
The slime creature quivers.
A slime creature comes into view.
Two slime creatures merge to form a large slime creature.
The killer bee completely misses you.
A slime creature comes into view.
The slime creature quivers.
The killer bee stings you.
* * * LOW HITPOINT WARNING * * *
The killer bee attacks as you move away!
The killer bee closely misses you.
Two slime creatures merge to form a large slime creature.
The killer bee completely misses you.
The slime creature quivers.
The killer bee completely misses you. The killer bee completely misses you.
Your skin crawls.
You feel strong-willed. The killer bee stings you.
* * * LOW HITPOINT WARNING * * *
An orc comes into view. It is wielding a +0 dagger.
The large slime creature closely misses you.
The killer bee stings you.
You die...

##.#.#.#.#.#.#.#
##.#.#.#.#.#.##
##.#.#.#.#.#.#
#.#.#.#.#.#.##
##.#F#o#F#.#.#
#.#.#.#J#J#.##
##.#.#.#o#.#.#
#o#.#.#.#.#J##
.o#.#.#.#.#@#.#
#...o.......y.#
##############


You could see a large slime creature, a slime creature, a killer bee, an orc
priest, an orc wizard and an orc.

Vanquished Creatures
  Edmund (D:5)
  2 ogres (D:5)
  A centaur (D:5)
  Blork the orc (D:4)
  A necrophage (D:5)
  4 scorpions
  2 jellies
  4 orc priests
  2 hounds (D:5)
  An iguana (D:5)
  Terence (D:2)
  2 orc wizards
  4 gnolls
  10 adders
  2 white imps
  4 ufetubi
  3 worms
  A dart slug (D:3)
  22 orcs
  4 ball pythons
  7 endoplasms
  3 giant cockroaches
  A goblin (D:3)
  5 hobgoblins
  6 jackals
  6 quokkas
  2 bats
  2 frilled lizards
  4 kobolds
  4 rats
112 creatures vanquished.

Vanquished Creatures (others)
  2 demonic plants (Temple)
2 creatures vanquished.

Grand Total: 114 creatures vanquished

Notes
Turn   | Place    | Note
-------+----------+-------------------------------------------
     0 | D:1      | ElPolloHermano the Hill Orc Berserker began the quest for
                  | the Orb.
     0 | D:1      | Reached XP level 1. HP: 19/19 MP: 1/1
   206 | D:1      | Reached XP level 2. HP: 24/27 MP: 2/2
   585 | D:2      | Found a stormy altar of Qazlal.
   682 | D:2      | Reached XP level 3. HP: 32/33 MP: 3/3
   698 | D:2      | Noticed Terence
   709 | D:2      | Killed Terence
   710 | D:2      | Reached skill level 5 in Axes
   817 | D:2      | Reached XP level 4. HP: 13/40 MP: 4/4
  1412 | D:2      | Found a faded altar of an unknown god.
  2021 | D:3      | Reached skill level 6 in Axes
  2256 | D:4      | Found a sacrificial altar of Ru.
  2268 | D:4      | Found a glowing silver altar of Zin.
  2401 | D:4      | Found a broken altar of Ashenzari.
  2454 | D:4      | Reached XP level 5. HP: 47/47 MP: 5/5
  2511 | D:4      | Identified the +4 ring mail of the Skies Above {rPois rF+
                  | Int-5}
  2588 | D:4      | Reached ** piety under Trog
  2643 | D:4      | Noticed Blork the orc
  2668 | D:4      | Killed Blork the orc
  2669 | D:4      | Reached XP level 6. HP: 10/53 MP: 6/6
  3076 | D:4      | Reached skill level 7 in Axes
  3514 | D:5      | Entered Level 5 of the Dungeon
  3521 | D:5      | Found a glowing drain.
  3570 | D:5      | Reached XP level 7. HP: 46/55 MP: 7/7
  3675 | D:5      | Reached skill level 8 in Axes
  3720 | D:4      | Reached skill level 5 in Fighting
  4244 | D:5      | Noticed Edmund
  4255 | D:5      | Killed Edmund
  4256 | D:5      | Reached skill level 9 in Axes
  4256 | D:5      | Reached skill level 5 in Armour
  4316 | D:5      | Reached XP level 8. HP: 51/69 MP: 8/8
  4620 | D:5      | Found a staircase to the Ecumenical Temple.
  4660 | Temple   | Entered the Ecumenical Temple
  5043 | D:6      | You fall into a shaft and drop 3 floors!
  5094 | D:9      | HP: 2/70 [orc priest/divine providence (9)]
  5121 | D:9      | Noticed a slime creature
  5121 | D:9      | Noticed a slime creature
  5121 | D:9      | Noticed a slime creature
  5122 | D:9      | Noticed a slime creature
  5128 | D:9      | Slain by a killer bee

Illustrated notes

Levels and vault maps discovered:
D:1:      heliophobic_arrival_henge, layout_rooms
D:2:      layout_basic, basic_ecumenical_altar, basic_altar,
          palyth_stone_intersect, uniq_terence
D:3:      layout_basic
D:4:      layout_rooms, amcnicky_altar_gilded, mainiacjoe_overflow_big_doors,
          serial_rivers, chequers_serial_rivers_marsh,
          chequers_serial_rivers_micro_e, chequers_serial_rivers_small_b,
          chequers_serial_rivers_large_a, minmay_misc_feat_four_crosses,
          uniq_blork_the_orc
D:5:      layout_basic, minmay_temple_entry_nine_rooms, gup_sewer_entry_glass,
          minmay_joined_circles, uniq_edmund
D:6:      layout_loops_corners, serial_shops, shop
D:9:      layout_loops_ring, minivault_23, dreamdust_wishing_well,
          minmay_pinched_square, uniq_erica
Temple:   corrupted_temple

Skill      XL: |  1  2  3  4  5  6  7  8 |
---------------+-------------------------+-----
Fighting       | 4 5 |  5.8
Axes           | 5 6 7 9 |  9.8
Armour         | 3 4 5 6 |  6.2
Dodging        | 2 3 |  3.3
Throwing       | |  0.1
Stealth        | |  0.2

Action                   |  1- 3 |  4- 6 |  7- 9 || total
-------------------------+-------+-------+-------++-------
Melee: Hand axe          |    61 |   176 |   170 ||   407
       Punch             |     2 |       |     1 ||     3
Throw: Throwing net      |       |       |     1 ||     1
Invok: Berserk           |     1 |     2 |     2 ||     5
       Trog's Hand       |       |     1 |     3 ||     4
Armor: Animal skin       |     1 |       |       ||     1
       Ring mail         |    18 |       |       ||    18
       Scale mail        |     4 |    48 |    55 ||   107
Dodge: Dodged            |    34 |   119 |   180 ||   333
